 Dungeon Crawl Stone Soup version 0.29.1 (webtiles) character file.

Game seed: 14378045482282801562

904 qw the Cleaver (level 7, -1/63 HPs)
             Began as a Minotaur Berserker on Sept 13, 2022.
             Was an Elder of Trog.
             Slain by a gnoll sergeant
             ... wielding a +0 spear
              (3 damage)
             ... on level 5 of the Dungeon.
             The game lasted 00:02:22 (7455 turns).

qw the Cleaver (Minotaur Berserker)                 Turns: 7455, Time: 00:02:23

Health: -1/63      AC: 11    Str: 23    XL:     7   Next: 80%
Magic:  5/5        EV:  8    Int:  4    God:    Trog [****..]
Gold:   967        SH:  0    Dex: 10    Spells: 6/6 levels left

rFire   . . .      SeeInvis .   Y - +0 broad axe (drain)
rCold   . . .      Faith    .   (no shield)
rNeg    . . .      Spirit   .   m - +0 chain mail
rPois   .          Reflect  .   (helmet unavailable)
rElec   .          Harm     .   (no cloak)
rCorr   .          Rampage  .   (no gloves)
Will    +....                   (no boots)
Stlth   ..........              (no amulet)
HPRegen 0.20/turn               l - ring of willpower
MPRegen 0.09/turn               (no ring)

@: on berserk cooldown, slowed, very slow
A: horns 3, retaliatory headbutt, talons 1, iridescent scales 1, low MP 1
a: Renounce Religion, Berserk, Trog's Hand, Brothers in Arms


You were on level 5 of the Dungeon.
You worshipped Trog.
Trog was greatly pleased with you.
You visited 1 branch of the dungeon, and saw 5 of its levels.

You collected 967 gold pieces.


Innate Abilities, Weirdness & Mutations

You have a pair of large horns on your head.
You reflexively headbutt those who attack you in melee.
You have sharp toenails.
You are partially covered in iridescent scales. (AC +2)
Your magical capacity is low. (-10% MP)


   Skills:
 - Level 6.0 Fighting
 + Level 10.1 Axes
 - Level 3.0 Armour
 - Level 2.1 Dodging


You had 6 spell levels left.
You didn't know any spells.
Your spell library was empty.

Inventory:

Hand Weapons
 b - a +0 flail
 Y - a +0 broad axe of draining (weapon)
Armour
 f - the +1 pair of gloves "Affioxio" {rC++ rCorr Int-4}
   (You acquired it on level 2 of the Dungeon)

   Int:       It affects your intelligence (-4).
   rC:        It greatly protects you from cold.
   rCorr:     It protects you from acid and corrosion.
 m - a +0 chain mail (worn)
Jewellery
 l - a ring of willpower (left hand)
Scrolls
 h - a scroll of identify
Potions
 a - a potion of mutation
 c - a potion of attraction {unknown}
 e - 4 potions of curing
 i - 2 potions of might

Dungeon Overview and Level Annotations

Branches:
Dungeon (5/15)             Temple (0/1) D:4

Altars:
Ashenzari
Hepliaklqana
Makhleb
Uskayaw
Vehumet
Xom


Message History

Things that are here:
an adder corpse; a jackal corpse A gnoll comes into view.
It is wielding a +0 flail.
The gnoll shouts!
You hear a shout!
The gnoll sergeant barely misses you.
The gnoll sergeant hits you but does no damage.
A gnoll comes into view. It is wielding a +0 flail.
You hit the gnoll. You drain the gnoll. You claw the gnoll!
You kill the gnoll!
Trog accepts your kill. The gnoll sergeant barely misses you.
The gnoll sergeant hits you but does no damage.
The gnoll hits you with a +0 flail. The gnoll hits you but does no damage.
The gnoll sergeant hits you but does no damage.
Things that are here:
a +0 flail; a gnoll corpse You closely miss the gnoll sergeant.
You claw the gnoll sergeant.
The gnoll sergeant is lightly wounded.
You hit the gnoll but do no damage.
The gnoll sergeant hits you with a +0 spear.
The gnoll hits you but does no damage.
The gnoll sergeant hits you with a +0 spear!
The gnoll hits you with a +0 flail.
You closely miss the gnoll sergeant.
The gnoll sergeant is lightly wounded.
You barely miss the gnoll.
The gnoll sergeant hits you with a +0 spear.
The gnoll hits you with a +0 flail!
A gnoll comes into view. It is wielding a +0 spear.
You closely miss the gnoll sergeant.
Your headbutt misses the gnoll sergeant.
The gnoll sergeant is lightly wounded.
You barely miss the gnoll. The gnoll sergeant closely misses you.
You furiously retaliate!
You headbutt the gnoll sergeant.
The gnoll hits you but does no damage. x2
A gnoll comes into view. It is wielding a +0 spear.
The gnoll hits you from afar with a +0 spear.
The gnoll hits you with a +0 flail.
The gnoll sergeant hits you with a +0 spear.
You die...

..###.#.# #.# #.#
#........ #.# #.#
#.....#$######## #####.#
......)..~~~~~~~ #.#.#
#..###########.#.#
#....#..#.##.#.#.#
#%#.....#.##.#.#.#
#.##....#.##.#.#.#
#@##.........))#.#
....gggg...........)....
#####.#.##....#.##.###.#
#.#.##.............. #
#....#...........#
#....##....>...... #....
###.##.....# ....
.[##.##### ..


You could see a gnoll sergeant and 3 gnolls.

Vanquished Creatures
  A centaur (D:5)
  A scorpion (D:3)
  A gnoll bouda (D:4)
  2 orc priests
  2 iguanas
  4 orc wizards
  16 gnolls
  12 adders
  5 worms
  4 dart slugs
  18 orcs
  8 bats
  12 endoplasms
  2 giant cockroaches (D:3)
  43 goblins
  28 hobgoblins
  8 jackals
  6 quokkas
  3 ball pythons
  2 frilled lizards
  11 kobolds
  8 rats
197 creatures vanquished.

Vanquished Creatures (collateral kills)
  A statue (D:4)
1 creature vanquished.

Grand Total: 198 creatures vanquished

Notes
Turn   | Place    | Note
-------+----------+-------------------------------------------
     0 | D:1      | qw the Minotaur Berserker began the quest for the Orb.
     0 | D:1      | Reached XP level 1. HP: 19/19 MP: 0/0
     0 | D:1      | 0 ||| qw: Version: 0.1-a-119-g272c26d
     0 | D:1      | 0 ||| qw: Game counter: 11249
     0 | D:1      | 0 ||| qw: Always use a shield: true
     0 | D:1      | 0 ||| qw: Do Orc after D:15 true
     0 | D:1      | 0 ||| qw: Do second Lair branch before Depths: true
     0 | D:1      | 0 ||| qw: Lair rune preference: random
     0 | D:1      | 0 ||| qw: Plans: Normal
     0 | D:1      | 0 ||| PLANNING D:1-11
   169 | D:1      | 169 ||| Stepping ~*~*~tactically~*~*~ (stealth).
   185 | D:1      | Reached skill level 4 in Axes
   193 | D:1      | 193 ||| INVOKING Berserk.
   193 | D:1      | HP: 4/28 [quokka (4)]
   195 | D:1      | Reached XP level 2. HP: 6/26 MP: 1/1
   546 | D:1      | 546 ||| Stepping ~*~*~tactically~*~*~ (stealth).
   662 | D:1      | 662 ||| Stepping ~*~*~tactically~*~*~ (hiding).
   764 | D:1      | 764 ||| Stepping ~*~*~tactically~*~*~ (hiding).
   866 | D:1      | 866 ||| Stepping ~*~*~tactically~*~*~ (hiding).
  1163 | D:1      | Reached skill level 5 in Axes
  1233 | D:1      | 1233 ||| Stepping ~*~*~tactically~*~*~ (stealth).
  1242 | D:1      | Reached XP level 3. HP: 19/31 MP: 2/2
  1461 | D:1      | 1461 ||| Stepping ~*~*~tactically~*~*~ (stealth).
  1619 | D:1      | 1619 ||| INVOKING Berserk.
  2044 | D:1      | 2044 ||| Stepping ~*~*~tactically~*~*~ (stealth).
  2048 | D:1      | 2048 ||| Stepping ~*~*~tactically~*~*~ (stealth).
  2158 | D:1      | 2158 ||| DROPPING +0 club.
  2159 | D:1      | 2159 ||| UPGRADING to +0 leather armour.
  2169 | D:1      | 2169 ||| DROPPING +0 animal skin.
  2170 | D:1      | 2170 ||| READING scroll labelled GYARUA YTIEZAR.
  2171 | D:1      | 2171 ||| READING 2 scrolls labelled HUPNUS YBOUHEY.
  2172 | D:1      | 2172 ||| DRINKING 2 bubbling sapphire potions.
  2172 | D:1      | Gained mutation: You are partially covered in iridescent
                  | scales. (AC +2) [potion of mutation]
  2172 | D:1      | Gained mutation: You are mostly covered in iridescent
                  | scales. (AC +4) [potion of mutation]
  2172 | D:1      | Gained mutation: You have hidden genetic defects. [potion
                  | of mutation]
  2264 | D:2      | 2264 ||| Stepping ~*~*~tactically~*~*~ (stealth).
  2272 | D:2      | Reached ** piety under Trog
  2273 | D:2      | Gained mutation: You occasionally lose the ability to drink
                  | potions when taking damage. [hidden defects]
  2275 | D:2      | Reached skill level 6 in Axes
  2275 | D:2      | Reached XP level 4. HP: 35/39 MP: 3/3
  2303 | D:2      | 2303 ||| DRINKING potion of mutation.
  2303 | D:2      | Lost mutation: You are mostly covered in iridescent scales.
                  | (AC +4) [potion of mutation]
  2303 | D:2      | Lost mutation: You occasionally lose the ability to drink
                  | potions when taking damage. [potion of mutation]
  2303 | D:2      | Gained mutation: You have sharp toenails. [potion of
                  | mutation]
  2303 | D:2      | Gained mutation: You have a pair of large horns on your
                  | head. [potion of mutation]
  2334 | D:2      | 2334 ||| Stepping ~*~*~tactically~*~*~ (hiding).
  2335 | D:2      | 2335 ||| Stepping ~*~*~tactically~*~*~ (hiding).
  2357 | D:2      | Gained mutation: Your magical capacity is low. (-10% MP)
                  | [hidden defects]
  2357 | D:2      | Lost mutation: You have hidden genetic defects. [hidden
                  | defects expressed]
  2624 | D:2      | 2624 ||| Stepping ~*~*~tactically~*~*~ (stealth).
  2625 | D:2      | 2625 ||| Stepping ~*~*~tactically~*~*~ (stealth).
  2666 | D:2      | 2666 ||| Stepping ~*~*~tactically~*~*~ (hiding).
  2702 | D:2      | 2702 ||| Stepping ~*~*~tactically~*~*~ (stealth).
  2720 | D:2      | 2720 ||| Stepping ~*~*~tactically~*~*~ (stealth).
  2725 | D:2      | 2725 ||| Stepping ~*~*~tactically~*~*~ (stealth).
  2743 | D:2      | 2743 ||| Stepping ~*~*~tactically~*~*~ (stealth).
  2911 | D:2      | Reached XP level 5. HP: 45/45 MP: 3/3
  3040 | D:2      | 3040 ||| READING scroll labelled OJUMED ZYODWEOTRYO.
  3041 | D:2      | 3041 ||| READING 3 scrolls labelled JAUSES VUEKIR.
  3041 | D:2      | Identified 3 scrolls of acquirement
  3041 | D:2      | 3041 ||| ACQUIRING +0 broad axe of draining
  3041 | D:2      | Acquired a +0 broad axe of draining
  3043 | D:2      | 3043 ||| SWAPPING to +0 broad axe of draining.
  3044 | D:2      | 3044 ||| DROPPING +0 hand axe.
  3045 | D:2      | 3045 ||| READING 2 scrolls of acquirement.
  3045 | D:2      | 3045 ||| ACQUIRING +1 pair of gloves "Affioxio" {rC++ rCorr
                  | Int-4}
  3045 | D:2      | Acquired the +1 pair of gloves "Affioxio" {rC++ rCorr
                  | Int-4}
  3047 | D:2      | 3047 ||| READING scroll of acquirement.
  3047 | D:2      | 3047 ||| ACQUIRING 669 gold pieces
  3047 | D:2      | Acquired 669 gold pieces
  3049 | D:2      | 3049 ||| READING scroll labelled ADEEZYGGUST.
  3150 | D:2      | 3150 ||| DRINKING 4 smoky dark potions.
  3151 | D:2      | 3151 ||| READING 2 scrolls of identify.
  3151 | D:2      | 3151 ||| IDENTIFYING black potion
  3152 | D:2      | 3152 ||| DROPPING potion of invisibility.
  3203 | D:3      | Reached skill level 7 in Axes
  3207 | D:3      | 3207 ||| Stepping ~*~*~tactically~*~*~ (hiding).
  3211 | D:3      | 3211 ||| INVOKING Berserk.
  3217 | D:3      | 3217 ||| FLEEEEING.
  3218 | D:3      | 3218 ||| FLEEEEING.
  3219 | D:3      | 3219 ||| FLEEEEING.
  3221 | D:3      | 3221 ||| FLEEEEING.
  3222 | D:3      | 3222 ||| STAIRDANCE
  3369 | D:3      | 3369 ||| FLEEEEING.
  3370 | D:3      | 3370 ||| FLEEEEING.
  3375 | D:3      | 3375 ||| FLEEEEING.
  3382 | D:3      | 3382 ||| FLEEEEING.
  3384 | D:3      | 3384 ||| STAIRDANCE
  3414 | D:2      | 3414 ||| UPGRADING to +2 leather armour of cold resistance.
  3424 | D:2      | 3424 ||| DROPPING +0 leather armour.
  3427 | D:3      | 3427 ||| Stepping ~*~*~tactically~*~*~ (hiding).
  3429 | D:3      | 3429 ||| INVOKING Berserk.
  3564 | D:3      | Reached XP level 6. HP: 48/52 MP: 4/4
  3588 | D:3      | 3588 ||| INVOKING Berserk.
  3590 | D:3      | Reached skill level 8 in Axes
  3782 | D:3      | 3782 ||| DROPPING +0 mace.
  3896 | D:3      | 3896 ||| Stepping ~*~*~tactically~*~*~ (hiding).
  3899 | D:3      | 3899 ||| Stepping ~*~*~tactically~*~*~ (hiding).
  4023 | D:3      | 4023 ||| INVOKING Berserk.
  4103 | D:3      | 4103 ||| Stepping ~*~*~tactically~*~*~ (hiding).
  4105 | D:3      | 4105 ||| INVOKING Berserk.
  4267 | D:3      | Reached *** piety under Trog
  4268 | D:3      | 4268 ||| INVOKING Berserk.
  4473 | D:3      | 4473 ||| Stepping ~*~*~tactically~*~*~ (stealth).
  4552 | D:3      | 4552 ||| INVOKING Berserk.
  4727 | D:3      | 4727 ||| INVOKING Berserk.
  4730 | D:3      | Reached skill level 9 in Axes
  4846 | D:3      | 4846 ||| INVOKING Berserk.
  5385 | D:3      | Reached **** piety under Trog
  5967 | D:3      | 5967 ||| DROPPING +0 ring mail.
  5968 | D:3      | 5968 ||| UPGRADING to +0 scale mail.
  5978 | D:3      | 5978 ||| DROPPING +2 leather armour of cold resistance.
  5979 | D:3      | 5979 ||| READING 2 scrolls of identify.
  5979 | D:3      | 5979 ||| IDENTIFYING amethyst potion
  5980 | D:3      | 5980 ||| DROPPING potion of degeneration.
  6064 | D:4      | 6064 ||| Stepping ~*~*~tactically~*~*~ (stealth).
  6066 | D:4      | 6066 ||| Stepping ~*~*~tactically~*~*~ (stealth).
  6068 | D:4      | 6068 ||| Stepping ~*~*~tactically~*~*~ (hiding).
  6069 | D:4      | 6069 ||| INVOKING Berserk.
  6080 | D:4      | 6080 ||| Stepping ~*~*~tactically~*~*~ (hiding).
  6081 | D:4      | 6081 ||| Stepping ~*~*~tactically~*~*~ (stealth).
  6088 | D:4      | Reached XP level 7. HP: 28/61 MP: 5/5
  6092 | D:4      | 6092 ||| Stepping ~*~*~tactically~*~*~ (stealth).
  6093 | D:4      | 6093 ||| Stepping ~*~*~tactically~*~*~ (stealth).
  6142 | D:4      | 6142 ||| Stepping ~*~*~tactically~*~*~ (stealth).
  6143 | D:4      | 6143 ||| Stepping ~*~*~tactically~*~*~ (stealth).
  6149 | D:4      | 6149 ||| Stepping ~*~*~tactically~*~*~ (stealth).
  6210 | D:4      | 6210 ||| Stepping ~*~*~tactically~*~*~ (stealth).
  6465 | D:4      | Found a staircase to the Ecumenical Temple.
  6544 | D:4      | Found a radiant altar of Vehumet.
  6545 | D:4      | 6545 ||| INVOKING Brothers in Arms.
  6686 | D:4      | 6686 ||| Stepping ~*~*~tactically~*~*~ (stealth).
  6687 | D:4      | 6687 ||| Stepping ~*~*~tactically~*~*~ (hiding).
  6688 | D:4      | 6688 ||| Stepping ~*~*~tactically~*~*~ (stealth).
  6689 | D:4      | 6689 ||| Stepping ~*~*~tactically~*~*~ (stealth).
  6879 | D:4      | Found a burning altar of Makhleb.
  6879 | D:4      | Found a broken altar of Ashenzari.
  6881 | D:4      | Found a shimmering altar of Xom.
  6882 | D:4      | Found a hide-covered altar of Uskayaw.
  6883 | D:4      | Found a hazy altar of Hepliaklqana.
  6931 | D:4      | 6931 ||| Stepping ~*~*~tactically~*~*~ (stealth).
  7050 | D:4      | 7050 ||| UPGRADING to +0 chain mail.
  7060 | D:4      | 7060 ||| DROPPING +0 scale mail.
  7061 | D:4      | 7061 ||| DROPPING ring of flight.
  7062 | D:4      | 7062 ||| UPGRADING to ring of willpower.
  7063 | D:4      | 7063 ||| READING scroll labelled XAXKAU SIFREUM.
  7064 | D:4      | 7064 ||| DRINKING 2 glowing amethyst potions.
  7065 | D:4      | 7065 ||| DRINKING 3 metallic silvery potions.
  7066 | D:4      | 7066 ||| READING 2 scrolls of identify.
  7066 | D:4      | 7066 ||| IDENTIFYING cyan potion
  7067 | D:4      | 7067 ||| DROPPING potion of lignification.
  7068 | D:4      | 7068 ||| DROPPING potion of flight.
  7094 | D:5      | Entered Level 5 of the Dungeon
  7095 | D:5      | 7095 ||| PLANNING SEWER
  7240 | D:5      | 7240 ||| Stepping ~*~*~tactically~*~*~ (stealth).
  7267 | D:5      | 7267 ||| Stepping ~*~*~tactically~*~*~ (stealth).
  7268 | D:5      | 7268 ||| Stepping ~*~*~tactically~*~*~ (stealth).
  7271 | D:5      | Reached skill level 3 in Armour
  7272 | D:5      | 7272 ||| INVOKING Berserk.
  7274 | D:5      | Reached skill level 10 in Axes
  7411 | D:5      | 7411 ||| Stepping ~*~*~tactically~*~*~ (hiding).
  7412 | D:5      | 7412 ||| Stepping ~*~*~tactically~*~*~ (hiding).
  7419 | D:5      | 7419 ||| INVOKING Berserk.
  7421 | D:5      | Reached skill level 6 in Fighting
  7454 | D:5      | HP: 9/63 [gnoll/+0 flail[a gnoll sergeant] (9)]
  7455 | D:5      | HP: 2/63 [gnoll/+0 flail[a gnoll sergeant] (4)]
  7455 | D:5      | Slain by a gnoll sergeant

Levels and vault maps discovered:
D:1:      dpeg_arrival_morbid_curiosity, layout_basic,
          chequers_serial_rivers_room_b, nicolae_titane
D:2:      layout_loops_ring, ebering_dispersal_statue_hall
D:3:      minmay_goblin_kobold_castle, layout_basic,
          shapermc_ecumenical_altar_petra
D:4:      nicolae_BIG_FREAKIN_CUBE, layout_loops_ring, vehumet_statue,
          minitemple, minmay_temple_entry_from_below_a
D:5:      layout_basic, portal_sewer_entry_d

Skill      XL: |  1  2  3  4  5  6  7 |
---------------+----------------------+-----
Axes           | 4 5 6 7 9 10 | 10.1
Fighting       | 4 5 6 |  6.0
Armour         | 3 |  3.0
Dodging        | |  2.1

Action                   |  1- 3 |  4- 6 |  7- 9 || total
-------------------------+-------+-------+-------++-------
Melee: Hand axe          |   100 |    37 |       ||   137
       Headbutt          |    12 |    18 |    12 ||    42
       Kick              |       |    25 |    16 ||    41
       Broad axe         |       |   129 |    62 ||   191
       Punch             |       |     1 |       ||     1
Throw: Boomerang         |       |    23 |       ||    23
Invok: Berserk           |     2 |    10 |     2 ||    14
       Brothers in Arms  |       |       |     1 ||     1
  Use: Scroll            |     2 |     7 |     2 ||    11
       Potion            |     1 |     2 |     2 ||     5
 Stab: Distracted        |       |       |     1 ||     1
Armor: Animal skin       |    17 |       |       ||    17
       Leather armour    |     4 |    49 |       ||    53
       Scale mail        |       |     3 |     6 ||     9
       Chain mail        |       |       |    25 ||    25
Dodge: Dodged            |    60 |    93 |    22 ||   175

Table legend:
 A = Non-vault XP
 B = Vault XP
 C = Vault XP percentage of total XP
 D = Non-vault monster count
 E = Vault monster count
 F = Vault count percentage of total count
                 A         B        C        D         E       F
            +---------+---------+-------+---------+---------+-------
      Total |    1034 |     258 |  20.0 |     130 |      68 |  34.3
            +---------+---------+-------+---------+---------+-------
        D:1 |      58 |      10 |  14.7 |      31 |       5 |  13.9
        D:2 |     129 |       0 |   0.0 |      25 |       0 |   0.0
        D:3 |     283 |     202 |  41.6 |      35 |      61 |  63.5
        D:4 |     278 |      32 |  10.3 |      24 |       1 |   4.0
        D:5 |     286 |      14 |   4.7 |      15 |       1 |   6.2
            +---------+---------+-------+---------+---------+-------
